 Dungeon Crawl Stone Soup version 0.31.0-11-ge490571c62 (webtiles) character file.

Game seed: 17225252070142343912

21 qw the Shooter (level 2, 0/16 HPs)
             Began as a Deep Elf Hunter on Feb 4, 2024.
             Slain by a quokka (3 damage)
             ... on level 2 of the Dungeon.
             The game lasted 00:00:02 (717 turns).

qw the Shooter (Deep Elf Hunter)                     Turns: 717, Time: 00:00:03

Health: 0/16       AC:  3    Str:  8    XL:     2   Next: 62%
Magic:  4/4        EV: 12    Int: 13    God:
Gold:   102        SH:  0    Dex: 18    Spells: 1/1 levels left

rFire   . . .        a - +1 shortbow
rCold   . . .        (shield currently unavailable)
rNeg    . . .        c - +0 leather armour
rPois   .            (no helmet)
rElec   .            (no cloak)
rCorr   .            (no gloves)
SInv    .            (no boots)
Will    .....        (no amulet)
Stlth   ++           (no ring)
HPRegen 0.22/turn    (no ring)
MPRegen 0.09/turn

%: no passive effects
@: no status effects
A: no striking features
a: no special abilities


You were on level 2 of the Dungeon.
You visited 1 branch of the dungeon, and saw 2 of its levels.

You collected 102 gold pieces.


   Skills:
 - Level 1.5 Fighting
 + Level 6.4 Ranged Weapons
 - Level 2.4 Dodging
 - Level 1.2 Stealth


You had one spell level left.
You didn't know any spells.
Your spell library was empty.

Inventory:

Hand Weapons
 a - a +1 shortbow (weapon)
Armour
 c - a +0 leather armour (worn)

Dungeon Overview and Level Annotations

Branches:
Dungeon (2/15)

Altars:


Message History

You climb upwards.
There is a stone staircase leading down here.
Done exploring.
What level of the Dungeon? (default 2, ? - help)
You climb downwards.
The hobgoblin misses you. The hobgoblin closely misses you.
There is a stone staircase leading up here.
There are monsters nearby!
You shoot an arrow. The arrow hits the hobgoblin.
The hobgoblin is severely wounded.
The quokka bites you. The hobgoblin barely misses you. The hobgoblin hits you.
You shoot an arrow.
The arrow completely misses the hobgoblin.
The quokka closely misses you. The hobgoblin hits you.
The hobgoblin barely misses you. The quokka barely misses you.
You shoot an arrow. The arrow hits the hobgoblin.
You kill the hobgoblin!
The hobgoblin hits you. The quokka bites you.
You shoot an arrow. The arrow hits the hobgoblin.
The hobgoblin is lightly wounded.
The quokka closely misses you. The hobgoblin closely misses you.
You shoot an arrow. The arrow hits the hobgoblin.
The hobgoblin is moderately wounded.
The quokka bites you. The hobgoblin misses you. The quokka closely misses you.
You shoot an arrow. The arrow closely misses the hobgoblin.
The hobgoblin barely misses you. The quokka closely misses you.
You shoot an arrow. The arrow barely misses the hobgoblin.
The hobgoblin hits you. The quokka barely misses you.
You shoot an arrow.
The arrow completely misses the hobgoblin.
The quokka barely misses you. The hobgoblin misses you.
The quokka barely misses you.
You shoot an arrow. The arrow hits the hobgoblin.
The hobgoblin is heavily wounded.
The hobgoblin closely misses you. The quokka bites you.
The hobgoblin barely misses you.
You shoot an arrow.
The arrow hits the hobgoblin but does no damage.
The hobgoblin is moderately wounded.
The quokka bites you.
You die...

************ *,,,*** *,*
*..........#*#.*** *,**
*..........##.,* *,,*
*..........#.,** **,*
*...........,** *,*
*..........#** *,,
*....?.....# ***
*)...?..r.># *......g@..#*
*...........#**
*.............#*
*###.########..# #.,* **.#
#,** *,#********* *,******
*,,,,,,,,,,, *****,,,,,,*
**,,,,,,,,,,
*,,,,,,,,,,******,,,,,,,,,,


You could see a quokka and a hobgoblin.

Vanquished Creatures
  An endoplasm (D:1)
  4 goblins
  4 hobgoblins
  A quokka (D:1)
  2 frilled lizards (D:1)
  5 kobolds (D:1)
  A rat (D:1)
18 creatures vanquished.

Notes
Turn   | Place    | Note
-------+----------+-------------------------------------------
     0 | D:1      | qw the Deep Elf Hunter began the quest for the Orb.
     0 | D:1      | Reached XP level 1. HP: 12/12 MP: 3/3
     0 | D:1      | 0 ||| qw: Version: 0.3-a-160-g6735b56
     0 | D:1      | 0 ||| qw: Game counter: 4829
     0 | D:1      | 0 ||| qw: Melee chars always use a shield: true
     0 | D:1      | 0 ||| qw: God list: Okawaru
     0 | D:1      | 0 ||| qw: Allow faded altars: false
     0 | D:1      | 0 ||| qw: Do Orc after clearing Dungeon:15 true
     0 | D:1      | 0 ||| qw: Do second Lair branch before Depths: true
     0 | D:1      | 0 ||| qw: Lair rune preference: random
     0 | D:1      | 0 ||| qw: Goals: Normal
     0 | D:1      | 0 ||| PLANNING D:1-11
   102 | D:1      | You fall into a shaft and drop 1 floor!
   136 | D:2      | 136 ||| READING scroll labelled NEUN ZIEPE.
   136 | D:2      | 136 ||| ENCHANTING +0 shortbow.
   137 | D:2      | 137 ||| READING scroll labelled BAXIER XOU.
   138 | D:2      | 138 ||| DRINKING 2 brown potions.
   139 | D:2      | 139 ||| DRINKING fuming dark potion.
   248 | D:2      | 248 ||| DROPPING scroll of butterflies.
   249 | D:2      | 249 ||| DROPPING potion of ambrosia.
   264 | D:1      | Reached XP level 2. HP: 16/16 MP: 4/4
   316 | D:1      | Reached skill level 6 in Ranged Weapons
   489 | D:1      | Found a faded altar of an unknown god.
   670 | D:1      | 670 ||| READING 2 scrolls labelled LERIPN ZUSI.
   670 | D:1      | 670 ||| IDENTIFYING grey potion
   671 | D:1      | 671 ||| READING scroll of identify.
   671 | D:1      | 671 ||| IDENTIFYING scroll labelled DULUJU SEIHE
   672 | D:1      | 672 ||| DROPPING potion of attraction.
   673 | D:1      | 673 ||| DROPPING scroll of fog.
   704 | D:2      | 704 ||| STAIRDANCE
   714 | D:2      | HP: 4/16 [hobgoblin (2)]
   717 | D:2      | Slain by a quokka

Levels and vault maps discovered:
D:1:      matt_arrival_grand_opening, layout_rooms,
          hellmonk_ecumenical_altar_crossroads
D:2:      layout_rooms

Skill      XL: |  1  2 |
---------------+-------+-----
Ranged Weapons | 6 |  6.4
Fighting       | |  1.5
Dodging        | |  2.4
Stealth        | |  1.2

Action                     || total
---------------------------++-------
   Fire: Shortbow          ||    48
    Use: Scroll            ||     4
         Potion            ||     2
 Armour: Leather armour    ||    13
  Dodge: Dodged            ||    23

Table legend:
 A = Non-vault XP
 B = Vault XP
 C = Vault XP percentage of total XP
 D = Non-vault monster count
 E = Vault monster count
 F = Vault count percentage of total count
                 A         B        C        D         E       F
            +---------+---------+-------+---------+---------+-------
      Total |      30 |       0 |   0.0 |      18 |       0 |   0.0
            +---------+---------+-------+---------+---------+-------
        D:1 |      26 |       0 |   0.0 |      16 |       0 |   0.0
        D:2 |       4 |       0 |   0.0 |       2 |       0 |   0.0
            +---------+---------+-------+---------+---------+-------
